 Dungeon Crawl Stone Soup version 0.26.0-10-g1f06aea511 (webtiles) character file.

Game seed: 5142562731457542173

530264 wakim the Slayer (level 24, -2/188 HPs)
             Began as a Minotaur Fighter on Jan 24, 2021.
             Was a High Priest of Trog.
             Slain by a tentacled starspawn (5 damage)
             ... on level 3 of the Abyss on Jan 25, 2021.
             The game lasted 03:05:44 (52015 turns).

wakim the Slayer (Minotaur Fighter)                Turns: 52015, Time: 03:05:44

Health: -2/188     AC: 27    Str: 32    XL:     24   Next: 40%
Magic:  19/19      EV: 17    Int: -1 (5) God:    Trog [*****.]
Gold:   4184       SH: 25    Dex: 13    Spells: 23/23 levels left

rFire    + + .     SeeInvis .   a - +7 broad axe (flame)
rCold    + + .     Faith    .   V - +0 tower shield of Gestures {Rampage rCorr Int+2}
rNeg     + . .     Spirit   .   c - +2 plate armour {rC+}
rPois    +         Reflect  .   u - +0 hat of Elyvilon's Reproof {+Inv Regen+ Str+4 Stlth-}
rElec    +         Harm     .   l - +2 cloak
rCorr    +         Rampage  +   J - +0 pair of gloves
Will     +++..     Rnd*Rage +   T - +2 pair of boots of the Lumpy Mouths {rN+ Int+3}
Stlth    +.........             M - amulet of the acrobat
HPRegen  1.00/turn              B - ring of protection from cold
MPRegen  0.16/turn              P - ring "Vesola" {rElec rPois rF++ Int-3 Dex+4}

@: regenerating, slowed, lost intelligence, studying Staves, very slow
A: retaliatory headbutt, horns 2, thin metallic scales 1, berserk 1, blurry
vision 1, clumsy 1, deformed body, dopey 1, frail 2, low mp 1, inhibited
regeneration, weak 2, wild magic 1
}: 3/15 runes: decaying, serpentine, abyssal
a: Renounce Religion, Evoke Invisibility, Berserk, Trog's Hand, Brothers in Arms


You were on level 3 of the Abyss.
You worshipped Trog.
Trog was extremely pleased with you.
You visited 8 branches of the dungeon, and saw 39 of its levels.
You visited the Abyss 4 times.
You also visited: Ossuary, Ice Cave and Volcano.

You collected 5797 gold pieces.
You spent 1613 gold pieces at shops.

Inventory:

Hand Weapons
 a - a +7 broad axe of flaming (weapon)
 b - a +4 broad axe of electrocution
 Z - a +2 antimagic broad axe
Missiles
 n - 11 javelins
 t - 29 boomerangs (quivered)
 y - 6 boomerangs of dispersal
Armour
 c - a +2 plate armour of cold resistance (worn)
 l - a +2 cloak (worn)
 u - the +0 hat of Elyvilon's Reproof (worn) {+Inv Regen+ Str+4 Stlth-}
   (You bought it in a shop on level 3 of the Snake Pit)

   It affects your strength (+4).
   It lets you turn invisible.
   It increases your rate of regeneration.
   It makes you less stealthy.
 C - a +4 plate armour
 J - a +0 pair of gloves (worn)
 T - the +2 pair of boots of the Lumpy Mouths (worn) {rN+ Int+3}
   (You found it on level 13 of the Dungeon)

   It affects your intelligence (+3).
   It protects you from negative energy.
 U - a +2 hat
 V - the +0 tower shield of Gestures (worn) {Rampage rCorr Int+2}
   (You took it off Louise on level 3 of the Snake Pit)

   It affects your intelligence (+2).
   It provides partial protection from all sources of acid and corrosion.
   It bestows one free step when moving towards enemies.
 X - a +1 tower shield of cold resistance
Jewellery
 B - a ring of protection from cold (left hand)
 E - a +4 ring of evasion
 G - the ring of Exuxoi Zecap {rElec rC+ Will- Int+4 Dex+5}
   (You found it on level 3 of the Swamp)

   [ring of protection from cold]

   It affects your intelligence (+4).
   It affects your dexterity (+5).
   It protects you from cold.
   It insulates you from electricity.
   It affects your willpower, your defense against some magical effects.
 H - an uncursed ring of protection from fire
 M - an amulet of the acrobat (around neck)
 O - an uncursed ring of resist corrosion
 P - the ring "Vesola" (right hand) {rElec rPois rF++ Int-3 Dex+4}
   (You bought it in a shop on level 2 of the Orcish Mines)

   [ring of poison resistance]

   It affects your intelligence (-3).
   It affects your dexterity (+4).
   It greatly protects you from fire.
   It insulates you from electricity.
   It protects you from poison.
 S - an uncursed ring of willpower
Wands
 g - a wand of paralysis (24)
 r - a wand of enslavement (10)
 F - a wand of disintegration (9)
 L - a wand of digging (8)
Scrolls
 e - 22 scrolls of remove curse
 f - 6 scrolls of magic mapping
 i - 15 scrolls of teleportation
 j - 6 scrolls of fog
 k - 8 scrolls of enchant armour
 o - a scroll of silence
 p - 18 scrolls of identify
 v - 4 scrolls of enchant weapon
 w - 4 scrolls of blinking
 x - 10 scrolls of fear
 R - 4 scrolls of brand weapon
 Y - a scroll of summoning
Potions
 d - 11 potions of might
 h - 10 potions of berserk rage
 m - 4 potions of flight
 q - a potion of resistance
 s - 17 potions of curing
 z - 5 potions of magic
 A - 7 potions of haste
 I - 6 potions of ambrosia
 K - 2 potions of cancellation
 N - 5 potions of heal wounds
 Q - 2 potions of invisibility
Books
 W - a manual of Staves


   Skills:
 * Level 23.2 Fighting
 - Level 20.0 Axes
 - Level 12.0 Throwing
 - Level 20.0 Armour
 * Level 17.6 Dodging
 * Level 15.9 Stealth
 + Level 21.4 Shields


You had 23 spell levels left.
You didn't know any spells.
Your spell library was empty.

Dungeon Overview and Level Annotations

Branches:
Dungeon (15/15)            Temple (1/1) D:5            Lair (6/6) D:10
  Swamp (4/4) Lair:2        Snake (4/4) Lair:4        Slime (0/5) Lair:6
    Orc (2/2) D:10            Elf (3/3) Orc:2        Vaults (4/5) D:14
  Crypt (0/3) Vaults:3     Depths (0/5) D:15        Ossuary (visited)
  IceCv (visited)         Volcano (visited)

Altars:
Ashenzari
Cheibriados
Dithmenos
Elyvilon
Fedhas
Gozag
Hepliaklqana
Kikubaaqudgha
Makhleb
Nemelex Xobeh
Okawaru
Qazlal
Ru
Sif Muna
Trog
Uskayaw
Vehumet
Wu Jian
Xom
Yredelemnul
Zin
The Shining One

Shops:
Orc:1 [}   Orc:2 =!}(   Elf:3 }   Snake:1 [[   Snake:2 ([   Snake:3 [(!
Vaults:3 (


Innate Abilities, Weirdness & Mutations

You reflexively headbutt those who attack you in melee.
You have a pair of horns on your head.
You are partially covered in thin metallic scales. (AC +2)
You tend to lose your temper in combat.
Scrolls take you a little longer to read.
You are clumsy. (Dex -2)
Armour fits poorly on your strangely shaped body.
You are dopey. (Int -2)
You are very frail. (-20% HP)
Your magical capacity is low. (-10% MP)
You do not regenerate when monsters are visible.
You are very weak. (Str -4)
Your spells are a little harder to cast, but a little more powerful.


Message History

The orange demon misses you.
The deep elf elementalist casts a spell.
The deep elf elementalist seems to speed up.
A starcursed mass splits.
A chorus of shrieks assaults your mind.
* * * LOW HITPOINT WARNING * * *
A starcursed mass splits.
Tentacles burst from the starspawn's body! 2 starspawn tentacles and a starspawn tentacle segment come into view.
You hit the tentacled starspawn. You burn the tentacled starspawn.
The tentacled starspawn is heavily damaged.
You slash the starspawn tentacle segment!
You burn the starspawn tentacle segment.
You slice the starspawn tentacle!! You burn the starspawn tentacle!
You destroy the starspawn tentacle!
You slice the tentacled starspawn!! You burn the tentacled starspawn.
You slash the starspawn tentacle! You burn the starspawn tentacle.
You block the tentacled starspawn's attack. x2
You block the orange demon's attack. The tentacled starspawn bites you.
You die...

.# #. ....###. . #.
..## ........## .#
...#.#...... .###. .
.. [#..≈♣.#. .#. ..
...#.#.....#....##...
####.....###..e.. .
#......#.#.X.#..#
.#..≈.......#.X.X.#
.. .....<.###@4X# #..
§....w─XwXE..# #...
#.....#3wE4.## .
.###..##.#.....# ...
...###.......# .##.#
#.......# #...
.....##... #.# ..##..
...# #. . ..# ...


You could see 4 starcursed masses, 2 tentacled starspawn, a deep elf
elementalist (fast, repels missiles), a sun demon, an orange demon, 2 earth
elementals, a chaos spawn and 3 starspawn tentacles.

Vanquished Creatures
  Sojobo (Vaults:3)
  Boris (Vaults:2)
  Vashnia (Snake:2)
  A profane servitor (Abyss:3)
  Nikola (Vaults:3)
  The ghost of theMacoje the Slayer, an adept OgEn of Okawaru (Vaults:4)
  3 bone dragons
  The ghost of Tunlugh the Earth Mage, an adept GrEE of Vehumet (Lair:4)
  3 liches
  Jorgrun (Orc:2)
  A hellephant (Abyss:2)
  Rupert (Lair:5)
  Asterion (Snake:3)
  2 deep elf blademasters (Elf:3)
  A deep elf master archer (Elf:3)
  The ghost of urnamphora the Unseen, an adept HuWn of Dithmenos (Swamp:3)
  The ghost of Kare Xaoge the Bludgeoner, an adept DgTm (Vaults:1)
  A sphinx (Vaults:1)
  12 tentacled starspawn
  An Executioner (Abyss:2)
  An ancient champion (Vaults:3)
  2 tengu reavers (Vaults:3)
  A daeva (Abyss:3)
  12 nagarajas
  2 fire giants
  14 vault wardens
  Louise (Snake:3)
  3 frost giants
  Aizul (Swamp:2)
  8 deep elf sorcerers
  A balrug (Abyss:2)
  An angel (Abyss:2)
  6 deep elf elementalists
  A cacodemon (Abyss:2)
  3 draconian shifters (Abyss:2)
  15 very ugly things
  An ophan (Abyss:2)
  15 ironheart preservers
  6 stone giants
  5 deep elf demonologists
  Azrael (Orc:2)
  6 deep elf annihilators
  2 purple draconians (Abyss:3)
  2 entropy weavers (Vaults:1)
  3 lorocyprocas
  2 bunyips (Swamp:4)
  2 blizzard demons (Abyss:2)
  The ghost of Sadonosm the Carver, a journeyman DgSk (Lair:3)
  2 eleionomae
  A green death (Abyss:2)
  3 ettins
  3 crystal guardians (Abyss:2)
  A quicksilver dragon zombie (Abyss:2)
  6 deep elf death magi (Elf:3)
  3 fire dragons
  4 great orbs of eyes
  9 yaktaur captains
  3 deep elf high priests (Elf:3)
  Erolcha (D:11)
  An ice dragon (Vaults:3)
  14 ogre magi
  19 hydras
  9 vault guards
  16 naga warriors
  5 catoblepae
  18 anacondas
  A quicksilver dragon skeleton (Abyss:2)
  8 centaur warriors
  A rakshasa (Abyss:2)
  Harold (D:7)
  5 boulder beetles
  6 ghost crabs
  27 dancing weapons
  3 deep troll shamans
  14 death yaks
  3 death knights
  Urug (D:11)
  16 alligators
  11 hell hogs
  43 two-headed ogres
  13 deep elf knights
  The ghost of Flubr the Cleaver, a novice DDCK of Ru (D:9)
  6 thrashing horrors
  3 orc high priests (Orc:2)
  A sun demon (Abyss:2)
  6 shock serpents
  A deep troll earth mage (D:15)
  24 wretched stars
  21 naga sharpshooters
  A fire crab (Swamp:4)
  A titan skeleton (Abyss:2)
  4 spatial maelstroms
  7 salamander mystics
  5 unseen horrors
  2 sixfirhies (Abyss:3)
  2 shadow demons (Abyss:2)
  4 shadow wraiths
  7 glowing orange brains
  3 goliath frogs
  A glowing orange brain (shapeshifter) (Vaults:2)
  13 swamp dragons
  3 bog bodies
  5 hell knights (Vaults:3)
  2 flayed ghosts
  8 wizards
  A wolf spider zombie (D:15)
  11 deep trolls
  18 deep elf archers
  5 lindwurms
  6 naga ritualists
  A death drake (shapeshifter) (Elf:3)
  7 spriggan druids
  A spectral hydra (Swamp:3)
  13 ironbrand convokers
  11 orc knights
  2 orange crystal statues (Abyss:3)
  64 starcursed masses
  A phantasmal warrior (Abyss:3)
  A harpy (shapeshifter) (Elf:3)
  The ghost of Ibis19 the Cleaver, a novice MiBe of Trog (D:6)
  2 necromancers
  4 harpies
  2 oklob plants (Lair:6)
  5 wolf spiders
  A mana viper (shapeshifter) (D:15)
  A shining eye (shapeshifter) (D:14)
  43 ugly things
  63 deep elf magi
  5 will-o-the-wisps
  A salamander (shapeshifter) (Abyss:3)
  A moth of wrath (shapeshifter) (D:14)
  14 mana vipers
  12 salamanders
  7 orc sorcerers
  9 cyclopes
  An elephant (shapeshifter) (Abyss:3)
  A moth of wrath (Lair:4)
  4 manticores
  5 worldbinders
  Maurice (D:9)
  22 elephants
  A spectral spriggan (Swamp:3)
  A stone giant skeleton (Abyss:3)
  13 naga magi
  12 vault sentinels
  43 black mambas
  Psyche (D:8)
  2 apocalypse crabs (Abyss:2)
  A torpor snail (Lair:6)
  6 gargoyles
  3 rust devils
  9 guardian serpents
  An ice statue (IceCv)
  4 orange demons
  An eye of devastation (Abyss:3)
  5 centaur skeletons
  5 centaur zombies
  6 cane toads
  Maggie (D:6)
  The ghost of p0werm0de the Skirmisher, a novice DsCK of Xom (D:6)
  A hellion (Abyss:2)
  10 smoke demons
  6 kobold demonologists
  3 efreet
  9 freezing wraiths
  A rime drake (shapeshifter) (D:14)
  29 yaktaurs
  2 hellwings (Abyss:3)
  A komodo dragon (shapeshifter) (D:15)
  9 komodo dragons
  An ice devil (Abyss:3)
  16 ancient zymes
  2 rime drakes
  3 tengu conjurers
  A ghost moth simulacrum (Abyss:2)
  A meliai (shapeshifter) (Vaults:3)
  17 polar bears
  10 trolls
  A bloated husk (Swamp:2)
  3 tyrant leeches
  2 red devils (Abyss:2)
  A queen bee (shapeshifter) (Vaults:1)
  2 queen bees
  50 large abominations
  A polar bear (shapeshifter) (Vaults:1)
  14 hornets
  Prince Ribbit (D:7)
  A hornet (shapeshifter) (D:15)
  27 blink frogs
  2 dream sheep (Lair:6)
  25 raiju
  20 slime creatures
  2 centaur simulacra (D:15)
  Sigmund (D:2)
  An alligator skeleton (Abyss:2)
  2 shadows
  10 fire bats
  4 vampires
  5 flying skulls (Abyss:2)
  4 redbacks (Vaults:1)
  13 spriggans
  7 ynoxinuls
  5 wraiths
  An air elemental (Elf:3)
  7 water elementals
  3 wyverns
  48 yaks
  Eustachio (D:4)
  2 humans (shapeshifter)
  A yak (shapeshifter) (Abyss:3)
  A basilisk (shapeshifter) (Vaults:1)
  6 fire elementals
  10 humans (D:14)
  6 basilisks
  14 neqoxecs
  5 steam dragons (Swamp:4)
  6 golden eyes (Abyss:2)
  9 chaos spawn
  18 vampire mosquitoes
  11 spatial vortices
  Edmund (D:6)
  A naga (shapeshifter) (Abyss:2)
  40 nagas
  11 swamp worms
  An acid dragon (Vaults:2)
  A soldier ant (D:14)
  5 wargs
  14 two-headed ogre zombies (Orc:1)
  13 water moccasins
  A cane toad zombie (Abyss:3)
  2 floating eyes (shapeshifter)
  2 hell hounds (Orc:2)
  5 swamp drakes (Swamp:4)
  2 phantoms
  An eye of draining (Abyss:2)
  26 orc warriors
  15 ice beasts
  A black bear (shapeshifter) (Vaults:4)
  A black bear (Lair:4)
  4 sky beasts
  A fire dragon simulacrum (Abyss:2)
  36 ogres
  10 boggarts
  2 necrophages
  31 wolves
  16 centaurs
  Blork the orc (D:4)
  15 big kobolds
  11 bullfrogs
  A gnoll sergeant (D:12)
  2 wyvern zombies
  A water moccasin zombie (Ossuary)
  6 earth elementals
  4 scorpions
  A snapping turtle simulacrum (Abyss:3)
  37 killer bees
  40 wights
  2 electric eels
  5 lava snakes (Volcano)
  A crimson imp (Abyss:2)
  2 howler monkeys
  A bullfrog zombie (D:13)
  49 small abominations
  3 quasits
  5 jellies
  7 hounds
  Crazy Yiuf (D:4)
  27 orc priests
  3 iguanas
  11 iron imps
  A bullfrog skeleton (D:7)
  An iguana (shapeshifter) (D:15)
  Natasha (thrice) (D:4)
  25 orc wizards
  11 worker ants
  5 hell rats (Lair:6)
  2 big kobold zombies (Ossuary)
  2 hound skeletons (D:11)
  A hound zombie (D:7)
  4 mummies
  A worker ant zombie (D:7)
  7 gnolls
  5 adders
  2 shadow imps
  9 white imps
  5 ufetubi
  2 oozes (D:3)
  11 adder zombies
  An adder skeleton (D:5)
  2 worms
  3 dart slugs
  3 leopard geckos
  70 orcs
  7 bats
  4 giant cockroaches
  4 goblins
  8 hobgoblins
  13 jackals
  19 kobolds
  3 quokkas
  4 frilled lizards
  A gnoll zombie (Ossuary)
  6 hobgoblin zombies (Ossuary)
  3 jackal skeletons
  5 kobold zombies (Ossuary)
  A leopard gecko zombie (D:8)
  5 orc zombies (Ossuary)
  2 quokka zombies
  6 rats
  2 crawling corpses (Elf:3)
  A fire vortex (Lair:2)
  A lurking horror (Abyss:2)
  10 starspawn tentacles
2254 creatures vanquished.

Vanquished Creatures (collateral kills)
  A fenstrider witch (Swamp:1)
  A hydra (Swamp:1)
  2 alligators (Swamp:1)
  A spriggan druid (Swamp:1)
  A fire bat (Volcano)
  3 lava snakes (Volcano)
9 creatures vanquished.

Vanquished Creatures (others)
  A nagaraja (Snake:4)
  A deep elf elementalist (Elf:3)
  A hydra (Swamp:4)
  2 alligators (Swamp:2)
  A hell hog (Abyss:3)
  A fire crab (Swamp:4)
  A spatial maelstrom (Abyss:2)
  An ugly thing (D:15)
  A mana viper (Snake:3)
  4 bloated husks
  2 tyrant leeches (Swamp:3)
  A neqoxec (Abyss:3)
  A steam dragon (Swamp:4)
  2 chaos spawn (Abyss:3)
  A swamp worm (Swamp:3)
  A naga (Snake:4)
  2 swamp drakes (Swamp:4)
  A boggart (Elf:1)
  3 small abominations
  An orc wizard (Orc:2)
  An orc (Orc:2)
  A kobold (D:14)
  A fire vortex (Swamp:4)
  8 foxfires
  15 fungi
  A lurking horror (Abyss:3)
  33 plants
  29 starspawn tentacles
  6 withered plants (D:6)
124 creatures vanquished.

Grand Total: 2387 creatures vanquished

Notes
Turn   | Place    | Note
-------+----------+-------------------------------------------
     0 | D:1      | wakim the Minotaur Fighter began the quest for the Orb.
     0 | D:1      | Reached XP level 1. HP: 19/19 MP: 0/0
   238 | D:1      | Reached XP level 2. HP: 24/27 MP: 1/1
   509 | D:2      | Noticed Sigmund
   514 | D:2      | Killed Sigmund
   515 | D:2      | Reached skill level 4 in Fighting
   515 | D:2      | Reached skill level 5 in Armour
   515 | D:2      | Reached XP level 3. HP: 34/34 MP: 2/2
   515 | D:2      | Reached XP level 4. HP: 41/41 MP: 3/3
   515 | D:2      | Reached XP level 5. HP: 47/47 MP: 4/4
  2146 | D:4      | Reached XP level 6. HP: 50/53 MP: 5/5
  2195 | D:4      | Found a runed translucent door.
  2196 | D:4      | Noticed Crazy Yiuf
  2210 | D:4      | Found a transporter.
  2210 | D:4      | Noticed an ice beast
  2211 | D:4      | Noticed an ice beast
  2212 | D:4      | Noticed an ice beast
  2233 | D:4      | Found a transporter.
  2254 | D:4      | Reached skill level 5 in Axes
  2359 | D:4      | Got a smoking war axe
  2415 | D:4      | Noticed Natasha
  2422 | D:4      | Killed Natasha
  2477 | D:4      | Found a sacrificial altar of Ru.
  2493 | D:4      | Noticed Blork the orc
  2510 | D:4      | Killed Blork the orc
  2511 | D:4      | Reached skill level 5 in Shields
  2629 | D:4      | Noticed Natasha
  2638 | D:4      | Killed Natasha
  2650 | D:4      | Identified the +9 war axe "Ceytios" {drain, rPois} (You
                  | found it on level 4 of the Dungeon)
  2687 | D:4      | Noticed Eustachio
  2692 | D:4      | Killed Eustachio
  2693 | D:4      | Reached skill level 5 in Fighting
  2693 | D:4      | Reached XP level 7. HP: 57/61 MP: 6/6
  2823 | D:4      | Killed Crazy Yiuf
  2911 | D:5      | Entered Level 5 of the Dungeon
  2935 | D:4      | Noticed Natasha
  2940 | D:4      | Killed Natasha
  3020 | D:5      | Found a staircase to the Ecumenical Temple.
  3032 | Temple   | Entered the Ecumenical Temple
  3202 | Temple   | Became a worshipper of Trog the Wrathful
  3950 | D:6      | Reached XP level 8. HP: 65/70 MP: 7/7
  3972 | D:6      | Found a sand-covered staircase.
  3972 | D:6      | Noticed Maggie
  3979 | D:6      | Killed Maggie
  3979 | D:6      | Reached * piety under Trog
  3980 | D:6      | Reached skill level 6 in Fighting
  4007 | Ossuary  | Entered an ossuary
  4112 | Ossuary  | Reached ** piety under Trog
  4230 | D:6      | Noticed Edmund
  4236 | D:6      | Killed Edmund
  4256 | D:6      | Found a runed translucent gate.
  4256 | D:6      | Found a runed translucent gate.
  4262 | D:6      | Reached XP level 9. HP: 60/78 MP: 8/8
  4622 | D:6      | Found a runed translucent gate.
  4623 | D:6      | Noticed p0werm0de's ghost (novice DsCK)
  4624 | D:6      | Noticed Ibis19's ghost (novice MiBe)
  5037 | D:4      | Reached skill level 7 in Fighting
  5400 | D:7      | Noticed Prince Ribbit
  5410 | D:7      | Killed Prince Ribbit
  5411 | D:7      | Reached skill level 10 in Armour
  5439 | D:7      | Reached *** piety under Trog
  5461 | D:7      | Noticed Harold
  5478 | D:7      | Killed Harold
  5479 | D:7      | Reached skill level 10 in Axes
  5485 | D:7      | Reached XP level 10. HP: 86/88 MP: 9/9
  5501 | D:7      | Found a blossoming altar of Fedhas.
  5603 | D:7      | Found a glowing golden altar of the Shining One.
  5887 | D:8      | Reached skill level 8 in Fighting
  5901 | D:8      | Noticed Psyche
  5908 | D:8      | Killed Psyche
  6025 | D:8      | Reached **** piety under Trog
  6250 | D:9      | Identified the +9 dagger "Vudwirybb" {pain, *Contam rF+++
                  | rC+ Dex-4}
  6280 | D:9      | Found a runed translucent gate.
  6280 | D:9      | Found a runed translucent gate.
  6280 | D:9      | Found a runed translucent gate.
  6282 | D:9      | Noticed Flubr's ghost (novice DDCK)
  6708 | D:9      | Noticed Maurice
  7399 | D:9      | Killed Maurice
  7454 | D:10     | Entered Level 10 of the Dungeon
  7527 | D:10     | Noticed a two-headed ogre
  7534 | D:10     | Killed a two-headed ogre
  7554 | D:10     | Noticed a soul eater
  7560 | D:10     | Noticed an orange demon
  7563 | D:10     | Reached skill level 9 in Fighting
  7573 | D:10     | Reached XP level 11. HP: 76/97 MP: 10/10
  7983 | D:10     | Got a brightly glowing chain mail
  7994 | D:10     | Identified the +3 chain mail of Winter {Int+2 Dex-2 SInv}
                  | (You found it on level 10 of the Dungeon)
  8067 | D:10     | Found a staircase to the Orcish Mines.
  8103 | D:10     | Reached ***** piety under Trog
  8199 | D:10     | Found a staircase to the Lair.
  8950 | D:11     | Noticed a two-headed ogre
  8962 | D:11     | Killed a two-headed ogre
  9151 | D:11     | Noticed Erolcha
  9157 | D:11     | Killed Erolcha
  9261 | D:11     | Noticed Urug
  9262 | D:11     | Noticed a two-headed ogre
  9270 | D:11     | Killed Urug
  9274 | D:11     | Killed a two-headed ogre
  9314 | D:11     | Reached skill level 10 in Shields
  9461 | D:11     | Reached skill level 10 in Fighting
  9909 | Lair:1   | Entered Level 1 of the Lair of Beasts
  9922 | Lair:1   | Noticed a six-headed hydra
  9950 | D:10     | Killed a six-headed hydra
 10133 | Lair:1   | Reached XP level 12. HP: 99/106 MP: 11/11
 10237 | Lair:1   | Received a gift from Trog
 10311 | Lair:1   | Noticed a six-headed hydra
 10321 | Lair:1   | Killed a six-headed hydra
 11076 | Lair:2   | Reached skill level 11 in Fighting
 11165 | Lair:2   | Reached skill level 1 in Dodging
 11169 | Lair:2   | Reached skill level 1 in Throwing
 11198 | Lair:2   | Found a staircase to the Swamp.
 11211 | Lair:2   | Noticed a five-headed hydra
 11218 | Lair:2   | Killed a five-headed hydra
 11864 | D:6      | Killed Ibis19's ghost
 11872 | D:6      | Killed p0werm0de's ghost
 12037 | D:9      | Killed Flubr's ghost
 12038 | D:9      | Reached XP level 13. HP: 116/116 MP: 12/12
 12273 | Lair:3   | Reached skill level 15 in Armour
 12346 | Lair:3   | Got a pitted spear
 12347 | Lair:3   | Identified the +8 spear "Tadidia" {pain, rF++ rC- Dex+3}
                  | (You found it on level 3 of the Lair of Beasts)
 12437 | Lair:3   | Noticed Sadonosm's ghost (journeyman DgSk)
 12465 | Lair:3   | Found a transporter.
 12467 | Lair:3   | Found a transporter.
 12498 | Lair:3   | Killed Sadonosm's ghost
 12499 | Lair:3   | Reached skill level 15 in Axes
 12989 | Lair:4   | Received a gift from Trog
 12990 | Lair:4   | Reached skill level 12 in Fighting
 13128 | Lair:4   | Found a dark tunnel.
 13133 | Volcano  | Entered a volcano
 13440 | Volcano  | Noticed a stone giant
 13453 | Volcano  | Killed a stone giant
 13457 | Volcano  | Found a burning altar of Makhleb.
 13622 | Lair:4   | Identified the +3 demon trident "Apelear" {antimagic,
                  | *Contam rC+ Dex+5}
 13622 | Lair:4   | Noticed Tunlugh's ghost (adept GrEE)
 13626 | Lair:4   | Found a transporter.
 13631 | Lair:4   | Found a bloodstained altar of Trog.
 13641 | Lair:4   | Found a transporter.
 13658 | Lair:4   | Identified the +6 spear of Benevolence {vorpal, *Slow rF+++
                  | Stlth-}
 13956 | Lair:4   | Found a staircase to the Snake Pit.
 14597 | Lair:5   | Reached skill level 13 in Fighting
 14819 | Lair:5   | Reached XP level 14. HP: 108/129 MP: 13/13
 14823 | Lair:5   | Reached skill level 5 in Dodging
 14964 | Lair:5   | Got an ichor-stained rapier
 14965 | Lair:5   | Identified the cursed +2 rapier of Dominance {freeze, rF+
                  | Int+5} (You found it on level 5 of the Lair of Beasts)
 15309 | Lair:5   | Found an iron altar of Okawaru.
 15471 | Lair:5   | Noticed Rupert
 15483 | Lair:5   | Killed Rupert
 15607 | Lair:6   | Entered Level 6 of the Lair of Beasts
 15617 | Lair:5   | Received a gift from Trog
 15618 | Lair:5   | Got a pitted war axe {god gift}
 15622 | Lair:5   | Reached skill level 5 in Throwing
 15622 | Lair:5   | Identified the +3 war axe "Baangeke" {vorpal, rC+ Will-
                  | Str+2 Stlth+} (Trog gifted it to you on level 5 of the Lair
                  | of Beasts)
 16046 | Lair:6   | Found a broken altar of Ashenzari.
 16067 | Lair:6   | Reached skill level 14 in Fighting
 16194 | Lair:6   | Found a staircase to the Slime Pits.
 16874 | Lair:6   | Received a gift from Trog
 17789 | Orc:1    | Entered Level 1 of the Orcish Mines
 18027 | Orc:1    | Reached XP level 15. HP: 125/139 MP: 14/14
 18132 | Orc:1    | Found Vieq's Gadget Boutique.
 18334 | Orc:1    | Received a gift from Trog
 18372 | Orc:1    | Reached skill level 15 in Fighting
 18633 | Orc:2    | Entered Level 2 of the Orcish Mines
 18648 | Orc:2    | Noticed Azrael
 18659 | Orc:2    | Killed Azrael
 18665 | Orc:2    | Noticed Jorgrun
 18918 | Orc:2    | Killed Jorgrun
 19101 | Orc:2    | Found a staircase to the Elven Halls.
 19333 | Orc:2    | Received a gift from Trog
 19497 | Orc:2    | Paralysed by an orc sorcerer for 7 turns
 19505 | Orc:2    | HP: 7/141 [orc knight/+0 great sword (17)]
 19903 | Orc:2    | Found Sys Wito's Jewellery Shop.
 19903 | Orc:2    | Found Diwnef's Distillery.
 19905 | Orc:2    | Found Demumymo's Gadget Shop.
 19905 | Orc:2    | Found Yhiost's Weapon Shoppe.
 19916 | Orc:2    | Bought a potion of cancellation for 112 gold pieces
 19916 | Orc:2    | Bought a potion of heal wounds for 70 gold pieces
 19916 | Orc:2    | Bought a potion of curing for 42 gold pieces
 20155 | Orc:1    | Found Afuwkoett's Armour Boutique.
 20272 | Orc:2    | Bought the ring "Vesola" {rElec rPois rF++ Int-3 Dex+4} for
                  | 964 gold pieces
 21324 | D:13     | Received a gift from Trog
 21657 | D:13     | Got a pair of faintly humming boots
 21658 | D:13     | Identified the +2 pair of boots of the Lumpy Mouths {rN+
                  | Int+3} (You found it on level 13 of the Dungeon)
 21885 | D:14     | Reached ****** piety under Trog
 21951 | D:14     | Found a frozen archway.
 21968 | D:14     | Received a gift from Trog
 21973 | IceCv    | Entered an ice cave
 22245 | IceCv    | Noticed a frost giant
 22250 | IceCv    | Reached XP level 16. HP: 149/149 MP: 15/15
 22428 | IceCv    | Got an iridescent great mace
 22431 | IceCv    | Got a twisted great sword
 22639 | D:14     | Found an iron altar of Okawaru.
 22955 | D:14     | Identified the +4 great mace of Success {vorpal, rC+} (You
                  | found it in an ice cave)
 22956 | D:14     | Identified the +5 great sword of the Wheel {vorpal, Int+5
                  | Dex+3} (You found it in an ice cave)
 22969 | D:14     | Found a gate to the Vaults.
 23246 | Swamp:1  | Entered Level 1 of the Swamp
 24300 | Swamp:2  | Received a gift from Trog
 24304 | Swamp:2  | Noticed Aizul
 24329 | Swamp:2  | Killed Aizul
 25822 | Swamp:3  | Reached skill level 16 in Fighting
 26016 | Swamp:3  | Reached skill level 15 in Shields
 26705 | Swamp:3  | Found a transporter.
 26801 | Swamp:3  | Noticed urnamphora's ghost (adept HuWn)
 26826 | Swamp:3  | Found a transporter.
 27075 | Swamp:3  | Got a clouded granite ring
 27080 | Swamp:3  | Identified the ring of Exuxoi Zecap {rElec rC+ Will- Int+4
                  | Dex+5} (You found it on level 3 of the Swamp)
 27123 | Swamp:3  | Killed urnamphora's ghost
 27282 | Swamp:4  | Entered Level 4 of the Swamp
 27348 | Swamp:4  | Reached skill level 10 in Dodging
 27554 | Swamp:4  | Reached XP level 17. HP: 136/158 MP: 16/16
 27852 | Swamp:3  | Received a gift from Trog
 28717 | Swamp:4  | Got a decaying rune of Zot
 28989 | D:15     | Entered Level 15 of the Dungeon
 29460 | D:14     | Paralysed by a floating eye for 2 turns
 29915 | D:15     | Received a gift from Trog
 29954 | D:15     | Found a staircase to the Depths.
 30270 | Vaults:1 | Entered Level 1 of the Vaults
 30286 | Vaults:1 | Reached skill level 1 in Stealth
 30468 | Vaults:1 | Found a runed translucent gate.
 30469 | Vaults:1 | Found a runed translucent gate.
 30470 | Vaults:1 | Noticed Kare Xaoge's ghost (adept DgTm)
 30470 | Vaults:1 | Found a runed translucent gate.
 30766 | Vaults:1 | Received a gift from Trog
 30767 | Vaults:1 | Reached skill level 10 in Throwing
 30901 | Vaults:1 | Reached XP level 18. HP: 136/168 MP: 5/17
 31122 | Vaults:1 | Cast into level 2 of the Abyss (a deep elf sorcerer)
 31128 | Abyss:2  | Found a corrupted altar of Lugonu.
 31193 | Vaults:1 | Escaped the Abyss
 31201 | Vaults:1 | Reached skill level 17 in Fighting
 31209 | Vaults:1 | Noticed a Hell Sentinel
 31573 | Vaults:1 | Gained mutation: You are partially covered in thin metallic
                  | scales. (AC +2) [a neqoxec]
 31577 | Vaults:1 | Gained mutation: You tend to lose your temper in combat. [a
                  | neqoxec]
 31587 | Vaults:1 | Cast into level 2 of the Abyss (a deep elf demonologist)
 31683 | Abyss:2  | Found a hazy altar of Hepliaklqana.
 31801 | Abyss:2  | Reached skill level 5 in Stealth
 31884 | Abyss:2  | Found a runed translucent door.
 31971 | Abyss:2  | Received a gift from Trog
 32168 | Vaults:1 | Escaped the Abyss
 32653 | Vaults:1 | Found a transporter.
 32743 | Vaults:1 | Received a gift from Trog
 32766 | Vaults:1 | Killed Kare Xaoge's ghost
 33106 | Vaults:1 | Found a transporter.
 33113 | Vaults:1 | Got a clouded turquoise ring
 33124 | Vaults:1 | Identified the ring "Meaq Nih" {*Slow rCorr Dex+7} (You
                  | found it on level 1 of the Vaults)
 33586 | Vaults:2 | Reached XP level 19. HP: 179/179 MP: 6/18
 33663 | Vaults:2 | Reached skill level 18 in Fighting
 33990 | Vaults:2 | You fall into a shaft and drop 2 floors!
 34288 | Vaults:4 | Received a gift from Trog
 34289 | Vaults:4 | Got a fine hand axe {god gift}
 34297 | Vaults:4 | Identified the +5 hand axe of the Crypt {vorpal, rF+} (Trog
                  | gifted it to you on level 4 of the Vaults)
 34338 | Vaults:4 | Reached skill level 10 in Stealth
 34997 | Vaults:4 | Got a crude chain mail
 34998 | Vaults:4 | Identified the +1 chain mail "Efeotuni" {rC+ Int+5} (You
                  | found it on level 4 of the Vaults)
 35210 | Vaults:4 | Found a runed translucent door.
 35210 | Vaults:4 | Noticed theMacoje's ghost (adept OgEn)
 35939 | Vaults:4 | Killed theMacoje's ghost
 36154 | Vaults:3 | Noticed Nikola
 36175 | Vaults:3 | Killed Nikola
 36176 | Vaults:3 | Reached XP level 20. HP: 189/189 MP: 19/19
 36319 | Vaults:3 | Noticed Sojobo
 36345 | Vaults:3 | Killed Sojobo
 36346 | Vaults:3 | Reached skill level 19 in Fighting
 36562 | Vaults:3 | Found Biap Cut's Weapon Boutique.
 36689 | Vaults:3 | Received a gift from Trog
 36745 | Vaults:3 | Found a staircase to the Crypt.
 36745 | Vaults:3 | Found a basalt altar of Yredelemnul.
 36747 | Vaults:3 | Found an ancient bone altar of Kikubaaqudgha.
 37141 | Vaults:3 | Paralysed by an ogre mage for 7 turns
 37151 | Vaults:3 | Received a gift from Trog
 38609 | Vaults:2 | Noticed Boris
 38622 | Vaults:2 | Killed Boris
 38891 | Vaults:2 | Received a gift from Trog
 39359 | Lair:4   | Killed Tunlugh's ghost
 39438 | Snake:1  | Entered Level 1 of the Snake Pit
 39452 | Snake:1  | Reached XP level 21. HP: 168/200 MP: 4/20
 39703 | Snake:1  | Reached skill level 20 in Fighting
 40174 | Snake:1  | Found Cossunin's Antique Armour Emporium.
 40176 | Snake:1  | Found Athomody's Specialty Armours.
 40976 | Snake:2  | Received a gift from Trog
 41079 | Snake:2  | Found Doefikaa's Armour Emporium.
 41079 | Snake:2  | Found Manwugin's Weapon Shoppe.
 41112 | Snake:2  | Noticed Vashnia
 41152 | Snake:2  | Killed Vashnia
 41803 | Snake:3  | Noticed Asterion
 41820 | Snake:3  | Killed Asterion
 42117 | Snake:3  | Found Batzedgh's Armour Boutique.
 42121 | Snake:3  | Found Nuculigh's Weapon Shop.
 42122 | Snake:3  | Found Aciadi's Distillery.
 42358 | Snake:3  | Identified the +0 tower shield of Gestures {Rampage rCorr
                  | Int+2}
 42358 | Snake:3  | Noticed Louise
 42376 | Snake:3  | Cast into level 3 of the Abyss (Louise)
 42433 | Abyss:3  | Found a corrupted altar of Lugonu.
 42449 | Abyss:3  | Received a gift from Trog
 42473 | Abyss:3  | Found a corrupted altar of Lugonu.
 42646 | Abyss:3  | Noticed a profane servitor
 42664 | Abyss:3  | Killed a profane servitor
 42665 | Abyss:3  | Paralysed by accursed screaming for 1 turns
 42695 | Snake:3  | Escaped the Abyss
 42718 | Snake:3  | Killed Louise
 43931 | Snake:4  | Entered Level 4 of the Snake Pit
 43955 | Snake:4  | Received a gift from Trog
 44594 | Snake:4  | Reached XP level 22. HP: 211/211 MP: 21/21
 44938 | Snake:4  | Reached skill level 21 in Fighting
 45601 | Snake:4  | Received a gift from Trog
 45641 | Snake:4  | Got a serpentine rune of Zot
 45860 | Snake:3  | Bought the +0 hat of Elyvilon's Reproof {+Inv Regen+ Str+4
                  | Stlth-} for 425 gold pieces
 46161 | Elf:1    | Entered Level 1 of the Elven Halls
 46521 | Elf:1    | Received a gift from Trog
 47103 | Elf:2    | Got a heavily runed platinum amulet
 47104 | Elf:2    | Identified the amulet "Bili" {Inacc rN+ Int-5 Dex+3} (You
                  | found it on level 2 of the Elven Halls)
 47321 | Elf:2    | Found a runed translucent gate.
 47321 | Elf:2    | Found a runed translucent gate.
 47321 | Elf:2    | Found a runed translucent gate.
 47361 | Elf:2    | Reached skill level 15 in Dodging
 47371 | Elf:2    | Received a gift from Trog
 47723 | Elf:3    | Entered Level 3 of the Elven Halls
 47770 | Elf:3    | Found Yvoimed's Gadget Shop.
 48096 | Elf:3    | Received a gift from Trog
 48153 | Elf:3    | Reached XP level 23. HP: 207/222 MP: 22/22
 48439 | Elf:3    | Received a gift from Trog
 48553 | Elf:3    | Cast into level 2 of the Abyss (a deep elf sorcerer)
 48556 | Abyss:2  | Found a corrupted altar of Lugonu.
 48606 | Abyss:2  | Found a corrupted altar of Lugonu.
 48635 | Abyss:2  | Reached skill level 22 in Fighting
 49029 | Abyss:2  | Gained mutation: Your spells are a little harder to cast,
                  | but a little more powerful. [a neqoxec]
 49090 | Abyss:2  | Gained mutation: Your magical capacity is low. (-10% MP) [a
                  | neqoxec]
 49547 | Abyss:2  | Received a gift from Trog
 49749 | Abyss:2  | Paralysed by a great orb of eyes for 3 turns
 49910 | Abyss:2  | Reached skill level 15 in Stealth
 50231 | Abyss:2  | Gained mutation: You are weak. (Str -2) [a neqoxec]
 50495 | Abyss:2  | Received a gift from Trog
 50582 | Abyss:2  | Found a corrupted altar of Lugonu.
 50830 | Abyss:2  | Got a transparent robe
 50831 | Abyss:2  | Identified the +2 robe "Cupoed" {Harm} (You found it on
                  | level 2 of the Abyss)
 51021 | Abyss:2  | Reached XP level 24. HP: 151/210 MP: 19/19
 51023 | Abyss:2  | Paralysed by accursed screaming for 2 turns
 51030 | Abyss:2  | Paralysed by accursed screaming for 1 turns
 51111 | Abyss:3  | Found a corrupted altar of Lugonu.
 51113 | Abyss:3  | Found a corrupted altar of Lugonu.
 51149 | Abyss:3  | Found a corrupted altar of Lugonu.
 51232 | Abyss:3  | Received a gift from Trog
 51356 | Abyss:3  | Got an ancient great sword
 51357 | Abyss:3  | Identified the cursed +2 great sword of Loyq {freeze, *Rage
                  | Fragile rPois Dex+9} (You found it on level 3 of the Abyss)
 51585 | Abyss:3  | Gained mutation: Armour fits poorly on your strangely
                  | shaped body. [a neqoxec]
 51591 | Abyss:3  | Gained mutation: You are extremely frail. (-30% HP) [a
                  | neqoxec]
 51592 | Abyss:3  | Gained mutation: You are very weak. (Str -4) [a neqoxec]
 51592 | Abyss:3  | Gained mutation: Scrolls take you a little longer to read.
                  | [a neqoxec]
 51597 | Abyss:3  | Gained mutation: You are dopey. (Int -2) [a neqoxec]
 51608 | Abyss:3  | Lost intelligence.
 51617 | Abyss:3  | Gained mutation: You do not regenerate when monsters are
                  | visible. [a neqoxec]
 51620 | Abyss:3  | Paralysed by accursed screaming for 2 turns
 51624 | Abyss:3  | Reached skill level 23 in Fighting
 51641 | Abyss:3  | HP: 15/316 [starcursed mass/accursed screaming (4)]
 51642 | Abyss:3  | HP: 7/211 [starcursed mass/accursed screaming (4)]
 51733 | Abyss:3  | Gained mutation: You are clumsy. (Dex -2) [a neqoxec]
 51809 | Abyss:3  | Received a gift from Trog
 51844 | Abyss:3  | Gained mutation: You are extremely frail. (-30% HP) [a
                  | neqoxec]
 51850 | Abyss:3  | Identified the cursed +0 tower shield of Dasut {rF++ Int+3}
 51868 | Abyss:3  | HP: 12/282 [daeva/divine providence (13)]
 51869 | Abyss:3  | HP: 2/282 [daeva/divine providence (11)]
 51879 | Abyss:3  | Got an abyssal rune of Zot
 51886 | Abyss:3  | HP: 3/164 [something (16)]
 51963 | Abyss:3  | HP: 12/282 [raiju/living lightning (5)]
 52014 | Abyss:3  | HP: 7/188 [tentacled starspawn (4)]
 52014 | Abyss:3  | HP: 1/188 [starcursed mass/accursed screaming (6)]
 52015 | Abyss:3  | Slain by a tentacled starspawn

Illustrated notes

Levels and vault maps discovered:
D:1:      kennysheep_arrival_seaside, layout_basic
D:2:      layout_basic, minmay_heptomino_h4, uniq_sigmund
D:3:      layout_basic, grunt_decor_arrowhead
D:4:      gammafunk_cloud_chamber, layout_cave_pools, serial_park_tiny_2,
          minmay_misc_feat_cross, nicolae_ru_the_path_less_chosen, uniq_natasha,
          uniq_blork_the_orc, uniq_eustachio, uniq_crazy_yiuf_cottage
D:5:      layout_basic, minmay_temple_entry_ruins, minivault_11
D:6:      layout_loops_ring, gammafunk_ghost_cemetery,
          gup_ossuary_entry_pyramid, minivault_5, uniq_maggie, uniq_edmund
D:7:      layout_cave_pools, tso_oasis_becter, serial_undead, serial_undead_e,
          serial_undead_e, serial_undead_b, serial_undead_a,
          fedhas_bush_and_centaur_altar, uniq_prince_ribbit1, uniq_harold
D:8:      layout_rooms, kennysheep_generic_room_15, uniq_psyche
D:9:      layout_basic, serial_corexii_hall, corexii_hall_statues_x,
          corexii_hall_statues_t, gammafunk_ghost_nasty_kobolds,
          nicolae_lava_and_water, uniq_maurice
D:10:     layout_basic, erik_lair_orcish_takeover, orc_0_dummy
D:11:     layout_basic, uniq_erolcha, uniq_urug
D:12:     layout_loops_ring
D:13:     layout_loops_ring
D:14:     minmay_connected_triangles_in_corner, layout_cave_pools,
          ximxim_vaults_locker_room, okawaru_ov_weapons_minmay,
          portal_ice_cave_entry_ice_beasts
D:15:     grunt_enter_depths_magical_seal, layout_loops_ring, evilmike_minifort
Temple:   roderic_octagonal_lattice_temple
Lair:1:   layout_hall_layers, special_room [special_room_bee]
Lair:2:   layout_cave_pods, swamp_mist, amcnicky_mini_pool_medium,
          grunt_megastairs_2
Lair:3:   layout_small_grid, gammafunk_ghost_hive
Lair:4:   layout_cave_pods, guppyfry_snake_entry_garden, enter_volcano_4,
          gammafunk_ghost_wrathful_warriors, serial_bayou_shore_a
Lair:5:   layout_cave_pods, small_statue_intersection, lemuel_centaur_altar,
          uniq_rupert
Lair:6:   evilmike_catoblepas_cave, layout_loops_ring,
          minmay_slime_entry_oklob_open, basic_altar
Swamp:1:  layout_falls_marsh, evilmike_swamp_ruin_house_2
Swamp:2:  layout_basic_swamp, evilmike_swamp_ruin_house_5, swamp_pool4,
          infiniplex_staircase_pool_2, uniq_aizul
Swamp:3:  layout_basic_swamp, gammafunk_ghost_mausoleum,
          hangedman_swamp_ruin_hall
Swamp:4:  swamp_fiery, layout_basic_swamp, swamp_pool1
Snake:1:  layout_layer_cave, serial_shops,
          nicolae_shop_competitors_out_of_business, nicolae_barding_shop,
          grunt_megastairs_4, lemuel_fruit_tree
Snake:2:  layout_onion, nicolae_coiled_stairwell_up, minmay_shoptagon,
          uniq_vashnia
Snake:3:  layout_grid_maze, serial_bayou_shore_b, minmay_shop_star,
          uniq_asterion, uniq_louise
Snake:4:  snake_pit_salamanders_mu, layout_rooms, st_stairs_6
Orc:1:    lemuel_ogre_cave, layout_caves, serial_shops, nicolae_shop_trees,
          nicolae_shop_behind_doors
Orc:2:    grunt_orc_tribal_feast, layout_diamond_mine, uniq_azrael, uniq_jorgrun
Elf:1:    eino_elf_arrival_customs, layout_geoelf_grid, hangedman_elf_disciples,
          roderic_lattice_octagonal_star
Elf:2:    layout_geoelf_diagonals
Elf:3:    minmay_elf_hall_curves, layout_onion_city, serial_shops,
          nicolae_shop_window_shopping
Vaults:1: gammafunk_vaults_ghost_split, v_misc_18, gammafunk_the_bubble
          [the_bubble_gammafunk_crates], vaults_room_fours, v_misc_11,
          v_misc_27, ontoclasm_vaults_ring_square, nicolae_vaults_what_the_h,
          nicolae_vaults_windows_and_doors_thing, v_misc_23,
          vaults_room_semicircle, layout_vaults_maze_snakey
Vaults:2: v_misc_22, nicolae_vaults_network_quincunx
          [nicolae_vaults_network_quincunx_subvault,
          nicolae_vaults_network_quincunx_subvault,
          nicolae_vaults_network_quincunx_subvault,
          nicolae_vaults_network_quincunx_subvault,
          nicolae_vaults_network_quincunx_subvault], vaults_mumra_hex,
          grunt_vaults_twisty, hangedman_vaults_nodes, nicolae_vaults_octagons,
          nicolae_vaults_twisting_passages, v_misc_25, dpeg_vaults_monster_box,
          nicolae_vaults_theta, layout_vaults_omnicross, uniq_boris
Vaults:3: sword_in_stone, v_pattern_4, hangedman_vaults_corner_blocks,
          minmay_crypt_entry_necro_gods, v_misc_17, nicolae_vaults_network_s,
          v_rooms_5, v_alt_pattern_6, ontoclasm_vaults_spin,
          grunt_vaults_hallway_long, v_alt_pattern_2, layout_vaults_omnibox,
          serial_shops, shop_fountains, uniq_nikola
Vaults:4: ebering_vaults_ghost_inner_flame, vaults_room_ringed_pool,
          vaults_room_hallway, vaults_dpeg_cross, v_misc_27, v_misc_26,
          vaults_dpeg_diagonal, nicolae_vaults_ring_of_whatevers,
          layout_vaults_quadrants
Abyss:3:  base: Vaults:1, grunt_abyss_rune_wretched_hive,
          guppyfry_abyss_exit_glass_guarded, evilmike_abyss_exit_plants, base:
          D:4, nicolae_abyss_rune_star_stuff, evilmike_abyss_exit_10,
          small_statue_intersection, evilmike_abyss_exit_10,
          hangedman_abyss_rune_macabre_mess,
          due_evilmike_abyss_rune_seething_liches, doesnt_abyss_rune_brain_food,
          doesnt_abyss_rune_brain_food

Skill      XL: |  1  2  3  4  5  6  7  8  9 10 11 12 13 14 15 16 17 18 19 20 21 22 23 24 |
---------------+-------------------------------------------------------------------------+-----
Armour         | 4 5 6 7 9 10 12 13 14 15 16 17 18 19 20 | 20.0
Axes           | 4 6 8 10 11 13 14 15 16 17 18 19 20 | 20.0
Fighting       | 4 5 6 7 9 10 11 13 14 15 16 17 18 19 20 21 22 23 | 23.2
Shields        | 4 5 6 7 9 10 11 12 13 14 15 16 17 18 19 20 21 | 21.4
Dodging        | 2 4 7 8 10 11 12 13 14 15 17 | 17.6
Throwing       | 1 4 6 8 9 10 11 12 | 12.0
Stealth        | 3 8 11 12 13 14 15 | 15.9

Action                   |  1- 3 |  4- 6 |  7- 9 | 10-12 | 13-15 | 16-18 | 19-21 | 22-24 || total
-------------------------+-------+-------+-------+-------+-------+-------+-------+-------++-------
Melee: War axe           |    32 |   143 |   203 |   520 |   482 |       |       |       ||  1380
       Headbutt          |     5 |    26 |    38 |    90 |   295 |   382 |   469 |   468 ||  1773
       Flail             |       |       |       |    15 |    31 |       |       |       ||    46
       Broad axe         |       |       |       |       |   555 |  1314 |  1421 |  1540 ||  4830
Throw: Boomerang         |       |     6 |     5 |     1 |    20 |       |    12 |     9 ||    53
       Javelin           |       |       |       |       |     1 |    31 |     1 |       ||    33
Invok: Trog's Hand       |       |       |       |     4 |     5 |     6 |     6 |    25 ||    46
       Berserk           |       |       |       |       |     7 |     5 |     2 |     5 ||    19
       Brothers in Arms  |       |       |       |       |     1 |     1 |       |     1 ||     3
  Use: Scroll            |       |       |    14 |     4 |     8 |     7 |     3 |     6 ||    42
       Potion            |       |       |     7 |     1 |     2 |     2 |       |     6 ||    18
 Stab: Petrified         |       |       |       |       |     6 |       |       |       ||     6
       Petrifying        |       |       |       |       |     1 |       |       |       ||     1
       Distracted        |       |       |       |       |       |       |       |     5 ||     5
       Invisible         |       |       |       |       |       |       |       |     4 ||     4
Armor: Scale mail        |     7 |    70 |       |       |       |       |       |       ||    77
       Chain mail        |       |     5 |    72 |    59 |       |       |       |       ||   136
       Plate armour      |       |       |       |   231 |   470 |   491 |   311 |   342 ||  1845
       Skin              |       |       |       |     2 |       |       |       |       ||     2
Dodge: Dodged            |    10 |    38 |    23 |    97 |   328 |   368 |   284 |   418 ||  1566
Block: Kite shield       |    11 |    75 |    77 |   297 |   689 |     5 |       |       ||  1154
       Tower shield      |       |       |       |       |       |  1252 |  1265 |  1205 ||  3722
